 Dungeon Crawl Stone Soup version 0.30-a0-1035-g38d5fb2972 (webtiles) character file.

Game seed: 14237801136127909373

879 freelancePsychic the Skirmisher (level 7, -8/43 HPs)
             Began as a Deep Elf Hunter on Apr 8, 2023.
             Was an Initiate of Dithmenos.
             Mangled by a shadow wraith (19 damage)
             ... created by the anger of Yredelemnul
             ... on level 5 of the Dungeon.
             The game lasted 00:08:19 (4399 turns).

freelancePsychic the Skirmisher (Deep Elf Hunter)   Turns: 4399, Time: 00:08:20

Health: -8/43      AC:  6    Str:  8    XL:     7   Next: 75%
Magic:  10/10      EV: 13    Int: 14    God:    Dithmenos [......]
Gold:   288        SH:  0    Dex: 26    Spells: 6/6 levels left

rFire   . . .      SeeInvis .    a - +1 shortbow
rCold   . . .      Faith    .    (shield currently unavailable)
rNeg    . . .      Spirit   .    c - +0 leather armour
rPois   .          Reflect  .    (no helmet)
rElec   .          Rampage  .    h - +1 cloak
rCorr   .                        (no gloves)
Will    .....                    z - +0 pair of boots
Stlth   ++++                     (no amulet)
HPRegen 0.27/turn                u - +6 ring of dexterity
MPRegen 0.12/turn                (no ring)

@: about to teleport, slowed, very slow
A: no striking features
a: Renounce Religion


You were on level 5 of the Dungeon.
You worshipped Dithmenos.
Dithmenos was noncommittal.
You visited 2 branches of the dungeon, and saw 6 of its levels.
You also visited: Sewer.

You collected 288 gold pieces.

Inventory:

Hand Weapons
 a - a +1 shortbow (weapon)
Missiles
 b - 2 curare-tipped darts
 n - a throwing net
 o - 17 poisoned darts
Armour
 c - a +0 leather armour (worn)
 h - a +1 cloak (worn)
 z - a +0 pair of boots (worn)
Jewellery
 i - a ring of wizardry
 k - a ring of magical power
 u - a +6 ring of dexterity (left hand)
Wands
 t - a wand of flame (7)
Scrolls
 d - a scroll of noise {unknown}
 e - 2 scrolls of amnesia
 f - 3 scrolls of teleportation {@r4}
 l - a scroll of vulnerability
 r - a scroll of enchant armour
 v - a scroll of magic mapping {unknown}
 w - a scroll of blinking
 x - 4 scrolls of identify {@r1}
 y - a scroll of brand weapon {unknown}
Potions
 g - a potion of lignification {unknown}
 j - a potion of attraction {unknown}
 m - a potion of brilliance {unknown}
 p - a potion of heal wounds {unknown}
 q - a potion of invisibility {unknown}
 s - 2 potions of mutation {unknown}


   Skills:
 + Level 4.3 Fighting
 + Level 8.3 Ranged Weapons
 - Level 2.4 Dodging
 + Level 6.3 Stealth
 + Level 2.4 Invocations


You had 6 spell levels left.
You didn't know any spells.
Your spell library was empty.

Dungeon Overview and Level Annotations

Branches:
Dungeon (5/15)             Temple (1/1) D:4           Sewer (visited)

Altars:
Cheibriados
Dithmenos
Elyvilon
Gozag
Makhleb
Nemelex Xobeh
Okawaru
Qazlal
Ru
Trog
Vehumet
Wu Jian
Xom
Yredelemnul
The Shining One

Annotations:
D:4 exclusion: steam dragon


Message History

a +0 hand axe; 8 gold pieces You see here a +0 pair of boots.
z - a +0 pair of boots You shoot an arrow.
The arrow hits the orc.
The orc is heavily wounded.
You shoot an arrow. The arrow hits the orc.
The orc is severely wounded.
The orc closely misses you.
You shoot an arrow. The arrow hits the orc.
You kill the orc!
Dithmenos accepts your kill.
No target in view!
No target in view!
No target in view!
No target in view!
No target in view!
No target in view!
No target in view!
No target in view!
No target in view!
No target in view!
You start putting on your armour.
You continue putting on your +0 pair of boots. x4
You finish putting on your +0 pair of boots.
x - 3 scrolls of identify {@r1} (gained 1)
You now have 288 gold pieces (gained 8).
Items here: )) [ †.
x - 4 scrolls of identify {@r1} (gained 1) Yredelemnul sends a servant to punish you.
You shoot an arrow. Something hits you!
Deactivating autopickup; reactivate with Ctrl-A.
Something hits you but does no damage. Something hits you!
Something drains your vigour!
You feel yourself slow down. Something hits you!
* * * LOW HITPOINT WARNING * * *
As you read the scroll of teleportation {@r4}, it crumbles to dust.
You feel strangely unstable. Something hits you but does no damage.
Something hits you!!
You die...

#.# #.#.#.## #.. #.#
#.#.... #..
######.####.#..### .
#.#
.o.).............##.#
#.#####.#
###..............#
#........
#.)..)........#
#####.##.
#.######.#..###
#..##. #)#
#.#..######.. #.###.
#.# #.#..@....... #.
#. #.# #.##.#####.##
#. #. #.# #.##..# #.
## #.# #.###.# #.#
#.# #.# #.# #. #.#
#.# #.###.####.# #.#
#.# #...^...##.# #.#
#.# #####.#.##.# #.#
#.##########.#.##.##
#.#


There were no monsters in sight!

Vanquished Creatures
  A water moccasin (D:5)
  5 kobold brigands (Sewer)
  A hound (D:5)
  An orc priest (D:4)
  3 iguanas
  An orc wizard (D:4)
  4 gnolls
  5 adders
  A river rat (D:3)
  An ufetubus (D:5)
  7 worms
  2 dart slugs
  14 orcs
  3 bats
  6 endoplasms
  4 giant cockroaches
  10 goblins
  5 hobgoblins
  7 jackals
  2 quokkas
  13 ball pythons
  2 frilled lizards
  21 kobolds
  4 rats
123 creatures vanquished.

Vanquished Creatures (collateral kills)
  Natasha (D:3)
  A gnoll (D:4)
2 creatures vanquished.

Vanquished Creatures (others)
  A dart slug zombie (D:4)
  2 endoplasm zombies (D:4)
  A gnoll zombie (D:4)
  A goblin zombie (D:4)
  A hobgoblin zombie (D:4)
  2 orc zombies (D:4)
  A quokka zombie (D:3)
9 creatures vanquished.

Grand Total: 134 creatures vanquished

Notes
Turn   | Place    | Note
-------+----------+-------------------------------------------
     0 | D:1      | freelancePsychic the Deep Elf Hunter began the quest for
                  | the Orb.
     0 | D:1      | Reached XP level 1. HP: 12/12 MP: 3/3
   132 | D:1      | Reached XP level 2. HP: 17/17 MP: 4/4
   879 | D:2      | Reached XP level 3. HP: 18/21 MP: 5/5
  1131 | D:2      | Reached skill level 6 in Ranged Weapons
  1353 | D:3      | Reached XP level 4. HP: 27/27 MP: 6/6
  1363 | D:3      | Found a bloodstained altar of Trog.
  1438 | D:3      | Found a glowing drain.
  1496 | Sewer    | Entered a sewer
  1670 | Sewer    | Reached XP level 5. HP: 29/31 MP: 7/7
  1704 | Sewer    | Reached skill level 7 in Ranged Weapons
  1704 | Sewer    | Reached XP level 6. HP: 16/37 MP: 8/8
  1880 | Sewer    | Reached skill level 5 in Stealth
  2150 | D:3      | Found a basalt altar of Yredelemnul.
  2168 | D:3      | Found a faded altar of an unknown god.
  2182 | D:3      | Prayed at the altar of an unknown god.
  2182 | D:3      | Became a worshipper of Yredelemnul the Dark
  2182 | D:3      | Reached * piety under Yredelemnul
  2315 | D:3      | Noticed Natasha
  2321 | D:3      | Killed Natasha
  2474 | D:4      | Reached XP level 7. HP: 37/42 MP: 9/9
  2485 | D:4      | Reached skill level 1 in Invocations
  2573 | D:4      | Found a radiant altar of Vehumet.
  2639 | D:4      | Found a burning altar of Makhleb.
  2639 | D:4      | Noticed a balrug
  2697 | D:4      | Reached ** piety under Yredelemnul
  2905 | D:4      | Noticed a steam dragon
  3179 | D:4      | Found a staircase to the Ecumenical Temple.
  3255 | D:4      | Reached *** piety under Yredelemnul
  3333 | D:4      | Reached skill level 8 in Ranged Weapons
  3373 | D:4      | Found an iron altar of Okawaru.
  3712 | Temple   | Entered the Ecumenical Temple
  3871 | Temple   | Fell from the grace of Yredelemnul
  3871 | Temple   | Became a worshipper of Dithmenos the Shadowed
  3916 | D:5      | Entered Level 5 of the Dungeon
  4399 | D:5      | Mangled by a shadow wraith

Illustrated notes

Levels and vault maps discovered:
D:1:      dpeg_arrival_lava_temple_mockup, layout_loops_ring, dk_noncrumbling_2
D:2:      layout_rooms
D:3:      layout_rooms, trog_hazing_becter, mainiacjoe_overflow_catwalk,
          portal_sewer_entry_b, shapermc_ecumenical_altar_notcrosses,
          minivault_27, kennysheep_doodads, uniq_natasha
D:4:      layout_basic, makhleb_altar_promises_db, vehumet_altar_wand_db,
          okawaru_altar_gauntlet_db, minmay_temple_entry_overgrown
D:5:      layout_loops_ring, minmay_misc_feat_enclosed,
          kennysheep_generic_room_12, uniq_ijyb
Temple:   hellmonk_temple_flake

Skill      XL: |  1  2  3  4  5  6  7 |
---------------+----------------------+-----
Stealth        | 2 3 4 5 6 |  6.3
Fighting       | 2 3 4 |  4.3
Ranged Weapons | 6 7 8 |  8.3
Invocations    | 2 |  2.4
Dodging        | |  2.4

Action                     |  1- 3 |  4- 6 |  7- 9 || total
---------------------------+-------+-------+-------++-------
   Fire: Shortbow          |   117 |   113 |   108 ||   338
    Use: Scroll            |     5 |     4 |     1 ||    10
         Potion            |       |       |     2 ||     2
 Armour: Leather armour    |    10 |    17 |    13 ||    40
  Dodge: Dodged            |    23 |    28 |    25 ||    76

Table legend: (Time is in decaauts)
 A = Elapsed time spent in this place.
 B = Non-inter-level travel time spent in this place.
 C = Inter-level travel time spent in this place.
 D = Time resting spent in this place.
 E = Time spent auto-exploring this place.
 F = Levels seen in this place.
 G = Mean time per level.
                   A        B        C        D        E       F      G
               +--------+--------+--------+--------+--------+-----+--------+
         Total |   5165 |   4871 |    294 |     37 |   3892 |   7 |  737.9 |
       Dungeon |   4346 |   4078 |    268 |     37 |   3266 |   5 |  869.2 |
        Temple |    170 |    144 |     26 |      0 |    132 |   1 |  170.0 |
         Sewer |    648 |    648 |      0 |      0 |    494 |   1 |  648.0 |
               +--------+--------+--------+--------+--------+-----+--------+

Top non-repeatable levels by time:
     D:4: 1916 daAuts
     D:1: 804 daAuts
     D:3: 683 daAuts
   Sewer: 648 daAuts
     D:5: 489 daAuts
     D:2: 451 daAuts
  Temple: 170 daAuts
